 Dungeon Crawl Stone Soup version 0.16.1-51-g6203257 (webtiles) character file.

5330 kae the Severer (level 10, -6/77 HPs)
             Began as a Hill Orc Fighter on July 5, 2015.
             Was a High Priest of Okawaru.
             Mangled by Razmath's ghost (12 damage)
             ... on level 9 of the Dungeon.
             The game lasted 00:13:11 (9898 turns).

kae the Severer (Hill Orc Fighter)                  Turns: 9898, Time: 00:13:11

Health: -6/77      AC:  9    Str: 23    XL:     10   Next: 64%
Magic:  10/10      EV:  9    Int:  8    God:    Okawaru [*****.]
Gold:   421        SH:  0    Dex: 10    Spells: 0 memorised, 9 levels left

rFire  . . .     SeeInvis .     p - +2 battleaxe (elec)
rCold  . . .     Clarity  .     b - +0 scale mail
rNeg   . . .     SustAb   .     (no shield)
rPois  +         Gourm    .     (no helmet)
rElec  .         Spirit   .     q - +0 cloak
rCorr  .         Warding  .     (no gloves)
rMut   .         Stasis   .     G - +0 pair of boots
MR     .....                    k - amulet of faith
Stlth  ..........               R - ring of flight
                                y - ring of poison resistance

@: not resistant to hostile enchantments, extremely unstealthy
A: no striking features
a: Heroism, Finesse, Renounce Religion, Evoke Flight


You were on level 9 of the Dungeon.
You worshipped Okawaru.
Okawaru was extremely pleased with you.
You were not hungry.

You visited 2 branches of the dungeon, and saw 10 of its levels.

You collected 421 gold pieces.

Inventory:

Hand weapons
 a - a +1 war axe
 g - the +5 trident of Animal Spirits {distort, *Rage rN+ Int+3 Dex-4 SInv, unknown}
   (You found it on level 7 of the Dungeon)

   It warps and distorts space around it.
   Unwielding it can cause banishment or high damage.
   It affects your intelligence (+3).
   It affects your dexterity (-4).
   It protects you from negative energy.
   It enhances your eyesight.
   It may make you go berserk in combat.
 p - a +2 battleaxe of electrocution (weapon)
 H - the +8 hand crossbow "Breu" {venom, rN+ Int-3 SInv Stlth+, unknown}
   (You found it on level 7 of the Dungeon)

   It poisons the ammo it fires.
   It affects your intelligence (-3).
   It protects you from negative energy.
   It enhances your eyesight.
   It makes you more stealthy.
Armour
 b - a +0 scale mail (worn)
 c - a +0 shield
 q - a +0 cloak (worn)
 G - a +0 pair of boots (worn)
 I - a cursed +0 pair of gloves
 K - a +2 shield
Jewellery
 k - an amulet of faith (around neck)
 s - a +2 ring of intelligence
 v - a +5 ring of dexterity
 y - a ring of poison resistance (left hand)
 J - an uncursed ring of protection from fire
 R - a ring of flight (right hand)
Magical devices
 e - a wand of paralysis (21)
 f - a wand of polymorph (10)
 P - a wand of enslavement (14)
Scrolls
 h - 5 scrolls of identify
 l - 4 scrolls of enchant weapon
 m - a scroll of noise
 o - 2 scrolls of teleportation
 t - a scroll of immolation
 x - a scroll of summoning
 E - 2 scrolls of fear
Potions
 i - a potion of haste
 j - a potion of restore abilities {unknown}
 r - 2 potions of invisibility {unknown}
 z - a potion of agility {unknown}
 A - a potion of might
 B - 2 potions of cure mutation {unknown}
 C - 2 potions of mutation {unknown}
 F - a potion of cancellation {unknown}
 M - a potion of curing
 O - 2 potions of heal wounds
 Q - a potion of magic {unknown}
Books
 w - Kikubaaqudgha's Volume of the Eleven Beds
   (You found it on level 7 of the Dungeon)

   Spells                             Type                      Level
   a - Animate Skeleton               Necromancy                   1
 D - Sif Muna's Grimoire of Confrontation
   (You found it on level 7 of the Dungeon)

   Spells                             Type                      Level
   a - Shock                          Conjuration/Air              1
Comestibles
 d - 3 meat rations
 n - 4 bread rations
 u - a slice of pizza
 L - 2 fruits
 N - a beef jerky
 S - a poisonous chunk of flesh
 T - 2 chunks of flesh


   Skills:
 - Level 3.6 Fighting
 + Level 18.5 Axes
 - Level 3.2 Armour
 - Level 3.2 Shields


You had 9 spell levels left.
You didn't know any spells.

Dungeon Overview and Level Annotations

Branches:
Dungeon (9/15)             Temple (1/1) D:4            Lair (0/8) D:8
    Orc: D:9-12

Altars:
Ashenzari
Cheibriados
Dithmenos
Elyvilon
Fedhas
Gozag
Kikubaaqudgha
Makhleb
Nemelex Xobeh
Okawaru
Qazlal
Ru
Sif Muna
Trog
Vehumet
Xom
Yredelemnul
Zin
The Shining One

Shops:
D:4 :   D:5 :   D:8 }

Annotations:
D:9 Razmath's ghost, experienced VSFi


Message History

Razmath's ghost hits you.
You hit Razmath's ghost but do no damage.
Razmath's ghost is moderately damaged.
You slash Razmath's ghost!
Razmath's ghost is heavily damaged.
Razmath's ghost hits you!
* * * LOW HITPOINT WARNING * * *
You are too injured to fight recklessly!
You are too injured to fight recklessly!
You are too injured to fight recklessly!
You are too injured to fight recklessly!
You hit Razmath's ghost but do no damage.
There is a sudden explosion of sparks!
Razmath's ghost is almost destroyed.
Razmath's ghost hits you!
* * * LOW HITPOINT WARNING * * *
Your scale mail prevents you from hitting Razmath's ghost.
Razmath's ghost is almost destroyed.
Razmath's ghost hits you!
You die...

.#.......#
.........#
.........+
.........#+####+##
..................
.................
.................
........†........
##.....)@........
#.......W....####
..#....###'## #
#...## ... #...
..... ..... ##.
.... ..


You could see Razmath's ghost.

Vanquished Creatures
  Joseph (D:7)
  A fire drake (D:8)
  A troll (D:8)
  Prince Ribbit (D:7)
  The ghost of kae the Chopper, an average HOFi (D:3)
  A hippogriff (D:8)
  A soldier ant (D:8)
  Menkaure (D:5)
  5 orc warriors
  A necrophage (D:7)
  A phantom (D:8)
  3 sky beasts
  2 black bears
  4 ogres
  3 centaurs
  Duvessa (D:4)
  3 giant frogs
  A water moccasin zombie (D:7)
  3 scorpions
  A water moccasin skeleton (D:4)
  Dowan (D:4)
  The ghost of Turgon the Conjurer, a weakling OpCj (D:5)
  3 giant frog zombies
  A goliath beetle (D:8)
  2 gnoll shamans (D:8)
  2 jellies
  11 orc priests
  3 hounds
  2 giant frog skeletons
  An iguana (D:9)
  4 orc wizards
  3 worker ants
  Robin (D:4)
  12 adders
  18 gnolls
  A worker ant zombie (D:7)
  A giant mite (D:7)
  3 worms
  An adder zombie (D:5)
  2 adder skeletons
  4 giant geckos
  An ooze (D:3)
  36 orcs
  2 ball pythons
  14 bats
  A bat skeleton (D:3)
  10 giant cockroaches
  14 hobgoblins
  9 jackals
  9 kobolds
  2 quokkas
  2 giant gecko zombies (D:7)
  7 giant newts
  25 goblins
  A jackal skeleton (D:8)
  A quokka skeleton (D:5)
  11 rats
  A fungus (D:2)
259 creatures vanquished.

Vanquished Creatures (collateral kills)
  A two-headed ogre (D:9)
1 creature vanquished.

Grand Total: 260 creatures vanquished

Notes
Turn   | Place    | Note
--------------------------------------------------------------
     0 | D:1      | kae, the Hill Orc Fighter, began the quest for the Orb.
     0 | D:1      | Reached XP level 1. HP: 19/19 MP: 1/1
   247 | D:1      | Reached XP level 2. HP: 21/26 MP: 2/2
   418 | D:1      | Reached skill level 4 in Axes
   786 | D:2      | Reached XP level 3. HP: 20/31 MP: 3/3
   838 | D:2      | Reached skill level 5 in Axes
  1118 | D:2      | Found a blossoming altar of Fedhas.
  1121 | D:2      | Found a stormy altar of Qazlal.
  1198 | D:2      | Found a shadowy altar of Dithmenos.
  1203 | D:2      | Reached XP level 4. HP: 39/39 MP: 4/4
  1210 | D:2      | Found a glowing silver altar of Zin.
  1211 | D:2      | Found a burning altar of Makhleb.
  1213 | D:2      | Found a shimmering altar of Xom.
  1468 | D:3      | Noticed kae's ghost (average HOFi)
  1557 | D:3      | Killed kae's ghost
  1557 | D:3      | Reached skill level 7 in Axes
  1557 | D:3      | Reached XP level 5. HP: 10/45 MP: 5/5
  1828 | D:3      | Paralysed by a hobgoblin for 7 turns
  2027 | D:3      | Reached skill level 8 in Axes
  2027 | D:3      | Reached XP level 6. HP: 18/51 MP: 6/6
  2834 | D:3      | Reached skill level 9 in Axes
  3243 | D:4      | Reached XP level 7. HP: 43/57 MP: 7/7
  3394 | D:4      | Reached skill level 10 in Axes
  3570 | D:4      | HP: 1/57 [orc/hand axe (7)]
  3874 | D:4      | Found a staircase to the Ecumenical Temple.
  3897 | Temple   | Entered the Ecumenical Temple
  3943 | Temple   | Became a worshipper of Warmaster Okawaru
  4107 | D:4      | Reached skill level 11 in Axes
  4147 | D:4      | Found Skaizeos' Book Emporium.
  4147 | D:4      | Noticed Duvessa
  4150 | D:4      | Noticed Dowan
  4161 | D:4      | Killed Duvessa
  4179 | D:4      | Killed Dowan
  4471 | D:4      | Reached XP level 8. HP: 49/64 MP: 8/8
  4602 | D:4      | Noticed Robin
  4606 | D:4      | Killed Robin
  4878 | D:5      | Entered Level 5 of the Dungeon
  5113 | D:5      | Noticed Menkaure
  5134 | D:4      | Identified a scroll of acquirement
  5314 | D:4      | Reached skill level 12 in Axes
  5429 | D:5      | Killed Menkaure
  5429 | D:5      | Acquired Okawaru's first power
  5502 | D:5      | Found Idwistef's Book Shoppe.
  5577 | D:5      | Noticed Turgon's ghost (weakling OpCj)
  5581 | D:5      | Killed Turgon's ghost
  6284 | D:6      | Reached skill level 13 in Axes
  6636 | D:6      | Reached skill level 14 in Axes
  6636 | D:6      | Reached XP level 9. HP: 70/70 MP: 9/9
  6826 | D:7      | Noticed Prince Ribbit
  6833 | D:7      | Killed Prince Ribbit
  6855 | D:7      | Reached skill level 15 in Axes
  7193 | D:7      | Got a polished trident
  7338 | D:7      | Found an ancient bone altar of Kikubaaqudgha.
  7342 | D:7      | Identified Kikubaaqudgha's Volume of the Eleven Beds
  7346 | D:7      | Found a deep blue altar of Sif Muna.
  7350 | D:7      | Identified Sif Muna's Grimoire of Confrontation
  7354 | D:7      | Found a radiant altar of Vehumet.
  7373 | D:7      | Got a smoking hand crossbow
  7481 | D:7      | Noticed Joseph
  7492 | D:7      | Killed Joseph
  7492 | D:7      | Reached skill level 16 in Axes
  7709 | D:7      | Found a snail-covered altar of Cheibriados.
  8205 | D:8      | Reached XP level 10. HP: 45/77 MP: 7/10
  8391 | D:8      | Reached skill level 17 in Axes
  9149 | D:8      | Found a bloodstained altar of Trog.
  9255 | D:8      | Found a staircase to the Lair.
  9255 | D:8      | Noticed a fire drake
  9260 | D:8      | Killed a fire drake
  9260 | D:8      | Acquired Okawaru's second power
  9415 | D:8      | Reached skill level 18 in Axes
  9720 | D:8      | Found an iron altar of Okawaru.
  9726 | D:8      | Found Praer's Gadget Boutique.
  9830 | D:9      | Found a sparkling altar of Nemelex Xobeh.
  9884 | D:9      | Noticed Razmath's ghost (experienced VSFi)
  9898 | D:9      | Mangled by Razmath's ghost

Action                   |  1- 3 |  4- 6 |  7- 9 | 10-12 || total
-------------------------+-------+-------+-------+-------++-------
Melee: War axe           |   110 |   168 |   178 |       ||   456
       Unarmed           |       |       |     3 |       ||     3
       Battleaxe         |       |       |   141 |   138 ||   279
Invok: Heroism           |       |       |     2 |       ||     2
  Use: Potion            |       |     2 |     4 |       ||     6
       Scroll            |       |       |    14 |     1 ||    15
 Stab: Distracted        |       |       |       |     2 ||     2
  Eat: Chunk             |     1 |     6 |    13 |     7 ||    27
       Fruit             |       |       |     1 |       ||     1
       Beef jerky        |       |       |     1 |       ||     1
